 Dungeon Crawl Stone Soup version 0.21.0-22-g11d5b52 (webtiles) character file.

41442 Jatast the Phalangite (level 14, -1/118 HPs)
             Began as a Merfolk Gladiator on Jan 18, 2018.
             Was a High Priest of Trog.
             Slain by an elephant (12 damage)
             ... on level 6 of the Lair of Beasts.
             The game lasted 00:42:01 (22307 turns).

Jatast the Phalangite (Merfolk Gladiator)          Turns: 22307, Time: 00:42:01

Health: -1/118     AC: 11    Str: 17    XL:     14   Next: 15%
Magic:  14/14      EV: 27    Int: 15    God:    Trog [*****.]
Gold:   964        SH:  0    Dex: 17    Spells: 13/13 levels left

rFire    . . .     SeeInvis .   O - +0 bardiche
rCold    + . .     Gourm    .   (shield currently unavailable)
rNeg     . . .     Faith    .   T - +0 steam dragon scales
rPois    .         Spirit   .   v - +2 helmet
rElec    .         Reflect  .   (no cloak)
rCorr    .         Harm     .   c - +0 pair of gloves
MR       +++..     NoTele   +   m - +0 pair of boots
Stlth    ++........             (no amulet)
HPRegen  1.29/turn              k - +3 ring of evasion
MPRegen  0.14/turn              N - ring of Ukeod {-Tele rC+ Int+7 Slay+2}

@: regenerating
A: change form in water, swift swim, stealthy swim
a: Berserk, Trog's Hand, Brothers in Arms, Burn Spellbooks, Renounce Religion


You were on level 6 of the Lair of Beasts.
You worshipped Trog.
Trog was extremely pleased with you.
You were near starving.

You visited 3 branches of the dungeon, and saw 18 of its levels.
You also visited: Sewer.

You collected 964 gold pieces.

Inventory:

Hand Weapons
 a - a +1 trident
 u - a +1 halberd of venom
 O - a +0 bardiche (weapon)
Missiles
 d - 3 throwing nets (quivered)
 K - 5 javelins of returning
Armour
 c - a +0 pair of gloves (worn)
 m - a +0 pair of boots (worn)
 v - a +2 helmet (worn)
 T - +0 steam dragon scales (worn)
Jewellery
 g - a +3 ring of strength
 k - a +3 ring of evasion (left hand)
 N - the ring of Ukeod (right hand) {-Tele rC+ Int+7 Slay+2}
   (You found it on level 1 of the Lair of Beasts)

   [ring of protection from cold]

   It affects your intelligence (+7).
   It affects your accuracy and damage with ranged weapons and melee attacks
   (+2).
   It protects you from cold.
   It prevents most forms of teleportation.
 R - a +2 ring of protection
Wands
 h - a wand of flame (24)
 t - a wand of clouds (8)
 C - a wand of disintegration (23)
 H - a wand of iceblast (42)
 I - a wand of paralysis (22)
 S - a wand of acid (3)
Scrolls
 l - 3 scrolls of remove curse
 q - 8 scrolls of identify
 s - 2 scrolls of enchant armour
 B - 7 scrolls of teleportation
 E - a scroll of fear
 F - 2 scrolls of immolation
 G - 2 scrolls of fog
 L - 2 scrolls of enchant weapon
Potions
 e - 2 potions of mutation
 i - a potion of magic
 j - 6 potions of flight
 n - 3 potions of invisibility
 o - 2 potions of haste
 p - 3 potions of cancellation
 r - a potion of brilliance
 w - a potion of might
 x - 4 potions of curing
 z - a potion of agility
 A - a potion of resistance
 D - 3 potions of lignification
Books
 y - a book of Cantrips

   Spells                             Type                      Level
   a - Confusing Touch                Hexes                        1
   b - Animate Skeleton               Necromancy                   1
   c - Summon Small Mammal            Summoning                    1
   d - Apportation                    Translocation                1
   Trog disapproves of the use of such an item.
 J - a book of Minor Magic

   Spells                             Type                      Level
   a - Magic Dart                     Conjuration                  1
   b - Blink                          Translocation                2
   c - Call Imp                       Summoning                    2
   d - Slow                           Hexes                        2
   e - Conjure Flame                  Conjuration/Fire             3
   f - Mephitic Cloud                 Conjuration/Poison/Air       3
   Trog disapproves of the use of such an item.
 P - a book of Necromancy

   Spells                             Type                      Level
   a - Pain                           Necromancy                   1
   b - Animate Skeleton               Necromancy                   1
   c - Vampiric Draining              Necromancy                   3
   d - Regeneration                   Charms/Necromancy            3
   e - Animate Dead                   Necromancy                   4
   f - Borgnjor's Vile Clutch         Necromancy/Earth             5
   Trog disapproves of the use of such an item.
Comestibles
 b - 15 chunks of flesh
 f - 19 rations


   Skills:
 + Level 13.1 Fighting
 * Level 21.4 Polearms
 - Level 2.0 Throwing
 - Level 3.1 Armour
 + Level 15.5 Dodging


You had 13 spell levels left.
You didn't know any spells.

Dungeon Overview and Level Annotations

Branches:
Dungeon (11/15)            Temple (1/1) D:6            Lair (5/6) D:11
  Swamp (0/4) Lair:3       Spider (0/4) Lair:4        Slime (0/5) Lair:5
    Orc: D:9-12

Altars:
Cheibriados
Elyvilon
Kikubaaqudgha
Makhleb
Nemelex Xobeh
Okawaru
Qazlal
Ru
Trog
Uskayaw
Vehumet
Wu Jian
Xom
Yredelemnul
Zin
The Shining One
Jiyva

Annotations:
D:5 1 runed door


Message History

You slash the blink frog!
The blink frog is severely wounded.
The crocodile completely misses you. The blink frog completely misses you.
Attack whom?
Press: ? - help, Dir - move target cursor, f/p - blink frog
Aim: a blink frog (severely wounded)
You slash the blink frog!
You kill the blink frog!
Trog accepts your kill. The crocodile barely misses you.
The blink frog blinks!
You cut the elephant into ribbons!!!
The elephant is severely wounded.
The crocodile misses you. The elephant tramples you!
* * * LOW HITPOINT WARNING * * *
You hold your ground!
The elephant misses you.
Your skin crawls.
You feel resistant to hostile enchantments.
You are near starving!
The crocodile misses you. The elephant tramples you!
You die...

.........P......
.................
...........#.....
.................
.................
.................
........F..F.....
........Y#t......
####.####@# ###


You could see an elephant, 2 blink frogs and a crocodile.

Vanquished Creatures
  Gastronok (D:9)
  Erolcha (D:11)
  5 hydras
  The ghost of troglodite the Protected, a journeyman DsBe of Trog (D:11)
  The ghost of theElss the Basher, a journeyman GrBe of Trog (D:10)
  2 two-headed ogres
  The ghost of Torious the Destroyer, a novice DECj of Sif Muna (D:9)
  A lindwurm (Lair:4)
  Pikel (D:4)
  A deep elf mage (D:11)
  2 ugly things (D:11)
  2 oklob plants (D:11)
  A cyclops (D:11)
  2 elephants (Lair:6)
  2 black mambas
  The ghost of loralnil the Shield-Bearer, a novice MiFi (D:5)
  8 spiny frogs
  9 rime drakes
  12 komodo dragons
  A troll (D:10)
  The ghost of microfolk the Chopper, an amateur HOMo (D:6)
  A tyrant leech (Lair:3)
  Grinder (D:5)
  15 blink frogs
  Prince Ribbit (Lair:3)
  9 hippogriffs
  2 hornets (D:8)
  27 yaks
  2 wyverns
  A hungry ghost (D:8)
  A steam dragon (Lair:3)
  2 soldier ants (D:8)
  Duvessa (D:4)
  An acid dragon (D:11)
  4 water moccasins
  7 porcupines
  3 sky beasts
  A black bear (Lair:3)
  4 ice beasts
  3 orc warriors
  3 ogres
  3 necrophages
  5 phantoms
  10 wolves
  5 centaurs
  10 crocodiles
  A big kobold (D:9)
  13 bullfrogs
  A wyvern zombie (D:6)
  Dowan (D:4)
  A wyvern skeleton (D:10)
  8 scorpions
  12 killer bees
  3 howler monkeys (D:10)
  3 crimson imps
  7 hounds
  A quasit (D:6)
  2 bullfrog zombies
  2 centaur zombies
  3 bullfrog skeletons
  2 orc priests
  6 jellies
  12 orc wizards
  3 iguanas
  Ijyb (D:4)
  Natasha (thrice) (D:4)
  13 worker ants
  Robin (D:3)
  A howler monkey skeleton (D:6)
  12 adders
  A shadow imp (D:2)
  An adder zombie (D:10)
  8 oozes
  4 worms
  A dart slug (D:4)
  7 leopard geckos
  39 orcs
  11 bats
  10 giant cockroaches
  12 goblins
  12 hobgoblins
  11 jackals
  7 quokkas
  2 ball pythons
  7 frilled lizards
  5 kobolds
  A quokka skeleton (D:5)
  9 rats
  A plant (D:11)
439 creatures vanquished.

Vanquished Creatures (others)
  An ogre (D:4)
  A slave (D:4)
  An orc wizard (D:3)
  An iguana (D:4)
  An ooze (D:4)
  A worm (D:3)
  A plant (Lair:6)
7 creatures vanquished.

Grand Total: 446 creatures vanquished

Notes
Turn   | Place    | Note
-------+----------+-------------------------------------------
     0 | D:1      | Jatast the Merfolk Gladiator began the quest for the Orb.
     0 | D:1      | Reached XP level 1. HP: 16/16 MP: 1/1
   164 | D:1      | Reached XP level 2. HP: 15/23 MP: 2/2
   563 | D:1      | Reached skill level 5 in Polearms
   963 | D:2      | Reached XP level 3. HP: 24/28 MP: 3/3
  1825 | D:3      | Reached skill level 6 in Polearms
  1825 | D:3      | Reached XP level 4. HP: 33/35 MP: 4/4
  2301 | D:3      | Reached skill level 5 in Dodging
  2301 | D:3      | Reached XP level 5. HP: 24/41 MP: 5/5
  2619 | D:3      | Reached skill level 7 in Polearms
  3202 | D:4      | Noticed Duvessa
  3735 | D:4      | Noticed Dowan
  4051 | D:4      | Noticed Robin
  4066 | D:3      | Killed Robin
  4066 | D:3      | Reached XP level 6. HP: 41/48 MP: 6/6
  4145 | D:4      | Noticed Natasha
  4154 | D:4      | Killed Natasha
  4215 | D:4      | Reached skill level 8 in Polearms
  4301 | D:4      | Noticed Natasha
  4316 | D:4      | Killed Natasha
  4323 | D:4      | Noticed Natasha
  4487 | D:4      | Killed Natasha
  4487 | D:4      | Reached XP level 7. HP: 37/55 MP: 7/7
  4857 | D:4      | Noticed Ijyb
  4870 | D:4      | Killed Ijyb
  4892 | D:4      | Found a stormy altar of Qazlal.
  4998 | D:4      | Noticed Pikel
  5065 | D:4      | Killed Pikel
  5065 | D:4      | Reached skill level 5 in Fighting
  5065 | D:4      | Reached skill level 10 in Polearms
  5065 | D:4      | Reached XP level 8. HP: 11/63 MP: 8/8
  5284 | D:4      | Killed Duvessa
  5290 | D:4      | Killed Dowan
  5717 | D:5      | Entered Level 5 of the Dungeon
  5756 | D:5      | Reached skill level 11 in Polearms
  5950 | D:5      | Noticed loralnil's ghost (novice MiFi)
  6329 | D:4      | Reached XP level 9. HP: 26/71 MP: 9/9
  6559 | D:5      | Found a runed door.
  6568 | D:5      | Noticed Grinder
  6585 | D:5      | Killed Grinder
  6585 | D:5      | Reached skill level 12 in Polearms
  6735 | D:5      | Killed loralnil's ghost
  6897 | D:5      | Found a runed door.
  7284 | D:6      | Noticed microfolk's ghost (amateur HOMo)
  7318 | D:6      | Killed microfolk's ghost
  7318 | D:6      | Reached skill level 13 in Polearms
  7345 | D:6      | Found a staircase to the Ecumenical Temple.
  7370 | Temple   | Entered the Ecumenical Temple
  7408 | Temple   | Became a worshipper of Trog the Wrathful
  7769 | D:6      | Found a glowing drain.
  7778 | Sewer    | Entered a sewer
  7958 | Sewer    | Reached * piety under Trog
  8097 | Sewer    | Reached XP level 10. HP: 75/80 MP: 10/10
  8776 | D:7      | Reached skill level 14 in Polearms
  8787 | D:7      | Reached skill level 10 in Dodging
  9011 | D:7      | Reached ** piety under Trog
  9867 | D:8      | Found a sacrificial altar of Ru.
  9884 | D:8      | Reached skill level 15 in Polearms
 10934 | D:9      | Noticed Gastronok
 10971 | D:9      | Killed Gastronok
 10971 | D:9      | Reached skill level 16 in Polearms
 10971 | D:9      | Reached XP level 11. HP: 49/89 MP: 11/11
 11280 | D:9      | Reached *** piety under Trog
 11292 | D:9      | Received a gift from Trog
 11778 | D:9      | Noticed Torious's ghost (novice DECj)
 11785 | D:9      | Killed Torious's ghost
 12401 | D:10     | Entered Level 10 of the Dungeon
 12457 | D:10     | Reached skill level 17 in Polearms
 12462 | D:10     | Received a gift from Trog
 12602 | D:10     | Reached skill level 10 in Fighting
 12611 | D:10     | Noticed theElss's ghost (journeyman GrBe)
 12922 | D:10     | Noticed a two-headed ogre
 12928 | D:10     | Killed a two-headed ogre
 13093 | D:10     | Killed theElss's ghost
 13692 | D:11     | Noticed a two-headed ogre
 13699 | D:11     | Killed a two-headed ogre
 13699 | D:11     | Reached skill level 18 in Polearms
 13699 | D:11     | Reached XP level 12. HP: 82/99 MP: 12/12
 13704 | D:11     | Noticed a six-headed hydra
 13922 | D:11     | Noticed troglodite's ghost (journeyman DsBe)
 13935 | D:10     | Killed a six-headed hydra
 14392 | D:11     | Killed troglodite's ghost
 14657 | D:11     | Reached **** piety under Trog
 15192 | D:11     | Noticed Erolcha
 15202 | D:11     | Killed Erolcha
 15219 | D:11     | Received a gift from Trog
 15931 | D:11     | Found a staircase to the Lair.
 15948 | D:11     | Reached skill level 19 in Polearms
 16241 | Lair:1   | Entered Level 1 of the Lair of Beasts
 16700 | Lair:1   | Found an iron altar of Okawaru.
 17174 | Lair:1   | Reached XP level 13. HP: 97/107 MP: 13/13
 17206 | Lair:1   | Got a shimmering ivory ring
 17226 | Lair:1   | Identified the ring of Ukeod {-Tele rC+ Int+7 Slay+2} (You found it on level 1 of the Lair of Beasts)
 17285 | Lair:1   | Reached skill level 20 in Polearms
 17966 | Lair:2   | Received a gift from Trog
 18601 | Lair:3   | Reached skill level 1 in Armour
 18683 | Lair:3   | Found a staircase to the Swamp.
 19876 | Lair:3   | Noticed Prince Ribbit
 19889 | Lair:3   | Killed Prince Ribbit
 20369 | Lair:3   | Reached ***** piety under Trog
 21203 | Lair:4   | Reached skill level 15 in Dodging
 21638 | Lair:4   | Found a hole to the Spider Nest.
 22033 | Lair:5   | Found a staircase to the Slime Pits.
 22050 | Lair:5   | Reached skill level 21 in Polearms
 22057 | Lair:5   | Found a viscous altar of Jiyva.
 22101 | Lair:5   | Reached XP level 14. HP: 81/116 MP: 14/14
 22249 | Lair:5   | You fall through a shaft!
 22249 | Lair:6   | Entered Level 6 of the Lair of Beasts
 22307 | Lair:6   | Slain by an elephant

Skill      XL: |  1  2  3  4  5  6  7  8  9 10 11 12 13 14 |
---------------+-------------------------------------------+-----
Polearms       | 5 6 7 8 10 11 13 16 18 19 21 | 21.4
Fighting       | 3 4 5 6 7 9 10 11 12 13 | 13.1
Dodging        | 5 6 7 8 9 11 12 13 15 | 15.5
Armour         | 3 |  3.1
Throwing       | |  2.0

Action                   |  1- 3 |  4- 6 |  7- 9 | 10-12 | 13-15 || total
-------------------------+-------+-------+-------+-------+-------++-------
Melee: Trident           |   122 |   217 |   482 |   307 |    31 ||  1159
       Dagger            |       |    35 |    40 |       |       ||    75
       Tailslap          |       |       |     4 |     1 |       ||     5
       Halberd           |       |       |       |   494 |   328 ||   822
       Bardiche          |       |       |       |       |    94 ||    94
Invok: Berserk           |       |       |       |     6 |     3 ||     9
       Trog's Hand       |       |       |       |     1 |     4 ||     5
Evoke: Wand              |       |     3 |     8 |     5 |       ||    16
  Use: Scroll            |       |       |    14 |    11 |     1 ||    26
       Potion            |       |       |     4 |       |     1 ||     5
 Stab: Sleeping          |       |       |     1 |       |     4 ||     5
  Eat: Chunk             |     2 |     6 |    12 |    22 |    19 ||    61
       Ration            |       |     1 |       |     4 |       ||     5
Armor: Ring mail         |    29 |    62 |    83 |   113 |    25 ||   312
       Skin              |       |       |    27 |       |       ||    27
       Steam dragon scal |       |       |       |       |    37 ||    37
Dodge: Dodged            |    53 |   135 |   257 |   451 |   435 ||  1331
